 Seeded DCSS version 0.30-a0-381-g6ea064c (webtiles) character file.

Game seed: 5008941205017915560 (custom seed)

100 Geeful the Trooper (level 4, -1/37 HPs)
             Began as a Mummy Fighter on Dec 1, 2022.
             Was an Initiate of Yredelemnul.
             Slain by an iguana (12 damage)
             ... on level 4 of the Dungeon.
             The game lasted 00:08:48 (2586 turns).

Geeful the Trooper (Mummy Fighter)                  Turns: 2586, Time: 00:08:49

Health: -1/37      AC:  6    Str: 19    XL:     4   Next: 46%
Magic:  8/8        EV:  9    Int:  9    God:    Yredelemnul [......]
Gold:   185        SH:  4    Dex: 11    Spells: 8/9 levels left

rFire   x . .      SeeInvis .    a - +0 long sword
rCold   + . .      Faith    +    c - +0 buckler
rNeg    + + +      Spirit   .    b - +0 scale mail
rPois   ∞          Reflect  .    (no helmet)
rElec   .          Harm     .    (no cloak)
rCorr   .          Rampage  .    (no gloves)
Will    .....                    (no boots)
Stlth   ..........               (no amulet)
HPRegen 0.26/turn                (no ring)
MPRegen 0.11/turn                (no ring)

@: no status effects
A: cold resistance 1, negative energy resistance 3, torment resistance 2, heat
vulnerability 1, in touch with death 1, no potions, faith
a: Renounce Religion, Recall Undead Harvest


You were on level 4 of the Dungeon.
You worshipped Yredelemnul.
Yredelemnul was noncommittal.
You visited 1 branch of the dungeon, and saw 4 of its levels.

You collected 185 gold pieces.

Inventory:

Hand Weapons
 a - a +0 long sword (weapon)
Missiles
 i - 14 poisoned darts (quivered)
Armour
 b - a +0 scale mail (worn)
 c - a +0 buckler (worn)
 e - a +0 robe
Jewellery
 f - a ring of flight
Scrolls
 d - 4 scrolls of identify {unknown}
 g - a scroll of magic mapping {unknown}
 h - a scroll of teleportation
 j - a scroll of noise {unknown}
 k - a scroll of amnesia {unknown}
 l - a scroll of summoning {unknown}
 m - a scroll of silence {unknown}


   Skills:
 + Level 4.1 Fighting
 - Level 1.5 Long Blades
 - Level 2.4 Armour
 + Level 2.5 Shields
 + Level 3.0 Spellcasting
 + Level 1.1 Necromancy


You had 8 spell levels left.
You knew the following spells:

 Your Spells              Type           Power      Damage    Failure   Level
a - Kiss of Death         Conj/Necr      12%        2d6       67%         1

Your spell library contained the following spells:

 Spells                   Type           Power      Damage    Failure   Level
 Ensorcelled Hibernation  Hex/Ice        2%         N/A       88%         2
 Passwall                 Tmut/Erth      0%         N/A       88%         2
 Confusing Touch          Hex            1%         N/A       98%         3
 Swiftness                Air            1%         N/A       98%         3
 Dispel Undead            Necr           5%         3d7       100%        4


Dungeon Overview and Level Annotations

Branches:
Dungeon (4/15)
 Temple: D:4-7

Altars:
Xom
Yredelemnul


Innate Abilities, Weirdness & Mutations

You are immune to poison.
Your flesh is cold resistant. (rC+)
You are immune to negative energy. (rN+++)
You are immune to unholy pain and torment.
You are vulnerable to heat. (rF-)
You are in touch with the powers of death.
You do not drink.
You have a special connection with the divine. (Faith)


Message History

The iguana is severely wounded.
The iguana bites you but does no damage.
You closely miss the iguana.
The iguana is severely wounded.
The iguana bites you! The iguana bites you.
You barely miss the iguana.
The iguana is severely wounded.
Your endoplasm zombie hits the iguana but does no damage.
The iguana bites your endoplasm zombie!
Your endoplasm zombie is destroyed!
The iguana hisses angrily.
You closely miss the iguana.
The iguana is severely wounded.
The iguana bites you.
You are too injured to fight recklessly!
You are too injured to fight recklessly!
You are too injured to fight recklessly!
You hit the iguana.
The iguana is almost dead.
The iguana bites you!
* * * LOW HITPOINT WARNING * * *
The iguana bites you but does no damage.
You barely miss the iguana.
The iguana is almost dead.
The iguana bites you but does no damage.
You barely miss the iguana.
The iguana is almost dead.
The iguana barely misses you.
You completely miss the iguana.
The iguana is almost dead.
The iguana bites you but does no damage.
The iguana closely misses you.
You barely miss the iguana.
The iguana is severely wounded.
The iguana closely misses you.
You closely miss the iguana.
The iguana is severely wounded.
The iguana bites you!
You die...
Yredelemnul claims you as an undead slave.

###...........#
.?..
#............##
#...
#....####....#
#)..###....# ....#
#...#..##.## ###.#
..###..#..##.# ##
.!.....#..##.#
.............#
.....#@####.......
#.....l.# #.......
#.....### #.......
#..... #.......
#.### #......# #
##.###.# .# ##


You could see an iguana.

Vanquished Creatures
  2 adders (D:2)
  2 worms
  4 dart slugs
  3 orcs (D:3)
  5 endoplasms
  2 giant cockroaches
  5 hobgoblins
  2 jackals (D:1)
  A quokka (D:2)
  5 ball pythons
  7 bats
  5 frilled lizards
  8 goblins
  7 kobolds
  6 rats
64 creatures vanquished.

Vanquished Creatures (others)
  An endoplasm zombie (D:4)
  A goblin zombie (D:3)
  An orc zombie (D:3)
3 creatures vanquished.

Grand Total: 67 creatures vanquished

Notes
Turn   | Place    | Note
-------+----------+-------------------------------------------
     0 | D:1      | Geeful the Mummy Fighter began the quest for the Orb.
     0 | D:1      | Reached XP level 1. HP: 18/18 MP: 1/1
   158 | D:1      | Found a faded altar of an unknown god.
   201 | D:1      | Reached skill level 1 in Spellcasting
   282 | D:1      | Reached XP level 2. HP: 24/24 MP: 3/3
   877 | D:2      | Gained mutation: You are in touch with the powers of death.
                  | [Mummy growth]
   877 | D:2      | Reached XP level 3. HP: 30/30 MP: 6/6
  1061 | D:2      | Found a shimmering altar of Xom.
  1173 | D:2      | Learned a level 1 spell: Kiss of Death
  1647 | D:2      | Reached skill level 4 in Fighting
  1804 | D:3      | Found a basalt altar of Yredelemnul.
  1867 | D:3      | Reached XP level 4. HP: 37/37 MP: 8/8
  1937 | D:3      | Became a worshipper of Yredelemnul the Dark
  2048 | D:3      | Reached skill level 1 in Necromancy
  2247 | D:3      | Reached * piety under Yredelemnul
  2586 | D:4      | Slain by an iguana

Illustrated notes

Levels and vault maps discovered:
D:1:      nzn_arrival_depleted_hourglass, layout_basic,
          nicolae_ecumenical_lake_church, st_stairs_5, minmay_tromino_mix6
D:2:      minmay_general_purpose_star, layout_basic, basic_altar
D:3:      layout_basic, mainiacjoe_overflow_concentric_impassable
D:4:      layout_basic, mainiacjoe_overflow_big_doors, minmay_unequal,
          uniq_menkaure, uniq_ijyb

Skill      XL: |  1  2  3  4 |
---------------+-------------+-----
Spellcasting   | 1 2 3 |  3.0
Fighting       | 4 |  4.1
Necromancy     | 1 |  1.1
Long Blades    | |  1.5
Armour         | |  2.4
Shields        | |  2.5

Action                   |  1- 3 |  4- 6 || total
-------------------------+-------+-------++-------
Melee: Long sword        |   119 |    68 ||   187
  Use: Scroll            |     1 |       ||     1
Armor: Scale mail        |    60 |    22 ||    82
Dodge: Dodged            |    53 |    27 ||    80
Block: Buckler           |    32 |    10 ||    42

Table legend: (Time is in decaauts)
 A = Elapsed time spent in this place.
 B = Non-inter-level travel time spent in this place.
 C = Inter-level travel time spent in this place.
 D = Time resting spent in this place.
 E = Time spent auto-exploring this place.
 F = Levels seen in this place.
 G = Mean time per level.
                   A        B        C        D        E       F      G
               +--------+--------+--------+--------+--------+-----+--------+
         Total |   2654 |   2563 |     91 |      0 |   1986 |   4 |  663.5 |
       Dungeon |   2654 |   2563 |     91 |      0 |   1986 |   4 |  663.5 |
               +--------+--------+--------+--------+--------+-----+--------+

Top non-repeatable levels by time:
     D:2: 881 daAuts
     D:1: 880 daAuts
     D:3: 857 daAuts
     D:4: 34 daAuts
